AoeStats
← EMPEROR98265292

Arena

507999085Analyzed
1v1 RM · 12d ago on Sep 20, 2026· 15m 31s· 2 players
Game mode
Random Map
Map size
Tiny (2 player)
Population
200
Speed
Normal
Resources
Standard
Victory
Conquest
Starting age
Dark Age
Ending age
Imperial Age
RankedLock teamsTeams togetherTeam positionsShared explorationLock speedFull tech treeHidden civsTurbo modeCheats
Victory
Defeat
🇨🇭 Bohemians · Switzerland
1553
+14
🇮🇳 Wu · India
1515
-14
EMPEROR98265292
12:08 Feudal Age
15:57 Castle Age
13:50 Double-Bit Axe
14:15 Fletching
14:49 Horse Collar
Exmatrikulatoribus Maximus
10:49 Feudal Age
14:55 Castle Age
12:47 Double-Bit Axe
12:44 Horse Collar
16:13 Bow Saw
16:07 Heavy Plow
Connection lost

Rejoining the realm…

Still unreachable

The connection could not be restored.

Session expired

The server has moved on; the page needs a fresh start.